 Dungeon Crawl Stone Soup version 0.18.1-48-g4cf74bf (webtiles) character file.

194285 nikopol the Severer (level 18, -7/163 HPs)
             Began as a Minotaur Berserker on June 28, 2016.
             Was a High Priest of Trog.
             Shot with an arrow by a deep elf master archer (18 damage)
             ... on level 3 of the Elven Halls.
             The game lasted 02:33:03 (37907 turns).

nikopol the Severer (Minotaur Berserker)           Turns: 37907, Time: 02:33:04

Health: -7/163     AC: 25    Str: 30    XL:     18   Next: 9%
Magic:  17/17      EV: 21    Int:  4    God:    Trog [*****.]
Gold:   1080       SH:  0    Dex: 19    Spells: 0 memorised, 17 levels left

rFire  + + .     SeeInvis +     x - +10 battleaxe "Qischiclu" {venom, rF+}
rCold  . . .     Gourm    .     L - +5 scale mail of the Pink Corner {Str+6 SInv}
rNeg   . . .     Faith    .     (shield currently unavailable)
rPois  .         Spirit   .     y - +1 hat
rElec  .         Dismiss  +     T - +2 cloak {+Inv}
rCorr  .         Reflect  .     D - +2 pair of gloves {Dex+3}
SustAt .         Harm     .     q - +0 pair of boots
MR     +++++                    N - amulet of dismissal
Stlth  +.........               d - ring of protection from magic
                                V - ring "Efenia" {rF+ MR+ Stlth+}

@: regenerating, drained, almost entirely resistant to hostile enchantments,
very unstealthy
A: retaliatory headbutt, horns 2
a: Berserk, Trog's Hand, Brothers in Arms, Burn Spellbooks, Renounce Religion,
Evoke Invisibility


You were on level 3 of the Elven Halls.
You worshipped Trog.
Trog was extremely pleased with you.
You were very hungry.

You visited 4 branches of the dungeon, and saw 28 of its levels.
You also visited: Labyrinth and Bailey.

You collected 3809 gold pieces.
You spent 2729 gold pieces at shops.

Inventory:

Hand Weapons
 c - the +4 longbow of Aclanos {freeze, +Blink Str-3 Dex+6}
   (You bought it in a shop on level 2 of the Orcish Mines)

   It causes projectiles fired from it to freeze those they strike, causing
   extra injury to most foes and up to half again as much damage against
   particularly susceptible opponents.
   They can also slow down cold-blooded creatures.
   It affects your strength (-3).
   It affects your dexterity (+6).
   It lets you blink.
 o - the +8 mithril axe "Arga" {speed, MR+ Str+2}
   (You bought it in a shop on level 12 of the Dungeon)

   Attacks with this weapon are significantly faster.
   It affects your strength (+2).
   It affects your resistance to hostile enchantments.
 p - the +2 shortbow of Battle {venom, Str+4 Int+2 Dex+3}
   (You found it on level 1 of the Lair of Beasts)

   It poisons the ammo it fires.
   It affects your strength (+4).
   It affects your intelligence (+2).
   It affects your dexterity (+3).
 x - the +10 battleaxe "Qischiclu" (weapon) {venom, rF+}
   (Trog gifted it to you on level 2 of the Elven Halls)

   It poisons the flesh of those it strikes.
   It protects you from fire.
Missiles
 h - 898 arrows (quivered)
Armour
 q - a +0 pair of boots (worn)
 y - a +1 hat (worn)
 D - a +2 pair of gloves of dexterity (worn)
 H - a +2 chain mail of positive energy
 L - the +5 scale mail of the Pink Corner (worn) {Str+6 SInv}
   (You found it in a bailey)

   It affects your strength (+6).
   It lets you see invisible.
 S - a +2 chain mail of fire resistance
 T - a +2 cloak of invisibility (worn)
Jewellery
 b - an uncursed ring of sustain attributes
 d - a ring of protection from magic (right hand)
 n - a +4 ring of dexterity
 s - an uncursed ring of protection from cold
 N - an amulet of dismissal (around neck)
 Q - an uncursed ring of protection from magic
 V - the ring "Efenia" (left hand) {rF+ MR+ Stlth+}
   (You took it off a deep elf archer on level 1 of the Elven Halls)

   [ring of protection from magic]

   It protects you from fire.
   It affects your resistance to hostile enchantments.
   It makes you more stealthy.
Wands
 B - a wand of teleportation (6/9)
 R - a wand of heal wounds (9/9)
 U - a wand of digging (11/24)
Scrolls
 f - 6 scrolls of fear
 g - 11 scrolls of identify
 j - 10 scrolls of teleportation
 l - 3 scrolls of enchant weapon
 m - 5 scrolls of fog
 z - a scroll of holy word
 E - 17 scrolls of remove curse
 F - 2 scrolls of magic mapping
 G - 2 scrolls of blinking
 M - 8 scrolls of recharging
 O - a scroll of summoning
Potions
 e - 16 potions of curing
 i - 4 potions of agility
 r - 4 potions of invisibility
 t - a potion of ambrosia
 u - 6 potions of brilliance
 v - a potion of cure mutation
 A - 4 potions of might
 C - 2 potions of magic
 I - 3 potions of haste
 P - 3 potions of berserk rage
 W - 2 potions of cancellation
 X - 2 potions of flight
 Y - 4 potions of heal wounds
 Z - a potion of resistance
Comestibles
 a - 11 fruits
 k - 14 meat rations
 w - 2 royal jellies
 K - 22 bread rations


   Skills:
 + Level 15.3(14.7) Fighting
 * Level 20.3(19.5) Axes
 * Level 17.6(16.9) Bows
 + Level 15.6(15.0) Armour
 + Level 14.0(13.4) Dodging


You had 17 spell levels left.
You didn't know any spells.

Dungeon Overview and Level Annotations

Branches:
Dungeon (15/15)            Temple (0/1) D:7            Lair (8/8) D:10
  Swamp (0/4) Lair:4       Spider (0/4) Lair:5        Slime (0/6) Lair:8
    Orc (2/2) D:10            Elf (3/3) Orc:2        Vaults (0/5) D:13
 Depths (0/5) D:15

Altars:
Cheibriados
Dithmenos
Gozag
Kikubaaqudgha
Okawaru
Qazlal
Ru
Vehumet
Yredelemnul
The Shining One
Beogh
Lugonu

Shops:
D:5 (   D:6 ?   D:12 (   D:14 *   Orc:1 =   Orc:2 [*(=   Elf:1 }

Portals:
Trove: D:15 (give +4 storm dragon armour)

Annotations:
D:13 exclusion: 4 oklob plants
Elf:2 alexandrvrp's ghost, adept DsGl


Innate Abilities, Weirdness & Mutations

You reflexively headbutt those who attack you in melee.
You have a pair of horns on your head.


Message History

The deep elf master archer shoots an arrow.
The arrow hits you!!
* * * LOW HITPOINT WARNING * * *
The deep elf master archer shoots an arrow.
The arrow hits you!
* * * LOW HITPOINT WARNING * * *
You see here 5 arrows.
Drink which item? (? for menu, Esc to quit)
You feel much better.
The deep elf master archer shoots an arrow.
The arrow hits you!!
* * * LOW HITPOINT WARNING * * *
The deep elf sorcerer gestures wildly while chanting.
The deep elf sorcerer seems to speed up.
You miss the deep elf master archer.
You headbutt the deep elf master archer, but do no damage.
The deep elf master archer is lightly wounded.
The deep elf master archer shoots an arrow.
The arrow hits you!!
You die...

#...# ≈)≈ #...# ≈(≈ '...# #(#
#...# #e# #'### #(# #...# #)#
#...# #)# #...# #e# #...#
##@## #...# ##.(.#
#...##########..#..#
#.............(###.#
'...##########################
##.....#......#..............#
.##....'......#..............#
..##...#......+..............#
...##'#######'##'#########'###


You could see a deep elf master archer and a deep elf sorcerer.

Vanquished Creatures
  Norris (Elf:3)
  2 deep elf blademasters
  Kirke (Lair:6)
  Maud (Orc:2)
  5 deep elf sorcerers
  2 deep elf elementalists
  3 deep elf demonologists
  2 deep elf death magi
  2 ettins
  5 deep elf high priests
  The ghost of Thrillho the Nimble, a journeyman OpFE of Vehumet (Lair:1)
  8 vault guards (D:13)
  6 hydras
  2 death knights (D:13)
  4 centaur warriors
  Erica (D:8)
  2 tengu warriors (D:14)
  8 death yaks
  23 dancing weapons
  2 ogre magi (D:15)
  4 orc high priests
  Nergalle (Lair:3)
  22 deep elf knights
  A deep troll (D:15)
  14 deep elf archers
  2 unseen horrors
  An anubis guard (shapeshifter) (Elf:1)
  6 orc knights
  5 hill giants
  21 ugly things
  4 griffons
  55 deep elf magi
  The ghost of Malvoorn the Magician, a novice DrWz of Ashenzari (D:7)
  3 cyclopes
  5 orc sorcerers
  2 wolf spiders (Lair:8)
  2 manticores (D:13)
  17 elephants
  A guardian serpent (Lair:8)
  Psyche (D:8)
  9 black mambas
  4 gargoyles
  14 spiny frogs
  8 centaur skeletons
  3 kobold demonologists
  A yaktaur (D:15)
  5 rime drakes
  9 komodo dragons
  2 guardian mummies (D:15)
  12 trolls
  A harpy skeleton (D:15)
  A queen bee (D:13)
  A wind drake (shapeshifter) (D:14)
  4 two-headed ogres
  A hornet zombie (D:11)
  2 polar bears
  37 blink frogs
  4 slime creatures
  The ghost of ThereIsNoGod the Covert, an amateur OpAs (D:5)
  4 water elementals
  A redback (Lair:8)
  A spriggan (D:7)
  A wraith (D:12)
  6 air elementals
  8 shadows
  68 yaks
  7 fire elementals
  4 hogs (Lair:7)
  3 vampires
  9 wyverns
  A basilisk (D:15)
  9 hippogriffs
  6 hungry ghosts
  4 vampire mosquitoes (D:13)
  6 wargs
  2 mottled dragons
  3 soldier ants
  6 swamp worms (Lair:4)
  26 water moccasins
  4 porcupines
  4 ice beasts
  A black bear (D:7)
  43 orc warriors
  5 sky beasts
  4 wasps
  3 phantoms
  An eye of draining (D:12)
  The ghost of TBriggs11TB the Slasher, an amateur DrGl (D:4)
  A necrophage (D:13)
  9 wolves (Lair:2)
  14 ogres
  7 centaurs
  20 crocodiles
  5 big kobolds
  3 earth elementals
  33 giant frogs
  A gnoll sergeant (D:10)
  3 wyvern zombies
  3 scorpions
  52 killer bees
  8 wights
  2 vampire bats (Lair:1)
  A howler monkey (D:12)
  4 electric eels
  5 crimson imps
  A giant frog zombie (D:12)
  6 jellies
  4 centaur zombies
  25 orc priests
  3 giant frog skeletons
  6 hounds
  32 orc wizards
  10 iguanas
  12 worker ants
  15 sheep (Lair:7)
  2 human simulacra (D:13)
  A hound skeleton (D:6)
  16 adders
  7 gnolls
  60 river rats
  A shadow imp (D:15)
  3 oozes
  An adder skeleton (D:4)
  An adder zombie (D:6)
  A worm (D:4)
  A dart slug (D:1)
  7 giant geckos
  100 orcs
  16 bats
  6 giant cockroaches
  8 goblins
  3 hobgoblins
  5 jackals (D:3)
  47 kobolds
  4 quokkas
  2 giant newts
  A quokka skeleton (D:4)
  A quokka zombie (D:8)
  5 rats
  A crawling corpse (Elf:1)
  11 fungi
  5 plants
1210 creatures vanquished.

Vanquished Creatures (collateral kills)
  An orc warlord (Orc:1)
  A deep elf death mage (Elf:1)
  A small abomination (Elf:1)
  A warg (Orc:1)
4 creatures vanquished.

Vanquished Creatures (others)
  A deep elf knight (Elf:2)
  A black mamba (Lair:8)
  A crawling corpse (Elf:1)
  13 fungi
  29 plants
45 creatures vanquished.

Grand Total: 1259 creatures vanquished

Notes
Turn   | Place    | Note
--------------------------------------------------------------
     0 | D:1      | nikopol the Minotaur Berserker began the quest for the Orb.
     0 | D:1      | Reached XP level 1. HP: 19/19 MP: 0/0
    74 | D:1      | Reached XP level 2. HP: 18/27 MP: 1/1
   587 | D:1      | Reached XP level 3. HP: 26/33 MP: 2/2
   731 | D:2      | Reached ** piety under Trog
   938 | D:2      | Reached skill level 4 in Axes
  1401 | D:3      | Reached XP level 4. HP: 40/40 MP: 3/3
  1643 | D:3      | Noticed an orc warrior
  1653 | D:3      | Killed an orc warrior
  1653 | D:3      | Reached XP level 5. HP: 47/47 MP: 4/4
  1907 | D:3      | Found a snail-covered altar of Cheibriados.
  2159 | D:4      | Noticed TBriggs11TB's ghost (amateur DrGl)
  2170 | D:4      | Killed TBriggs11TB's ghost
  2170 | D:4      | Reached skill level 5 in Axes
  2170 | D:4      | Reached XP level 6. HP: 55/55 MP: 5/5
  2204 | D:4      | Found a basalt altar of Yredelemnul.
  2204 | D:4      | Found a glowing golden altar of the Shining One.
  2207 | D:4      | Noticed an angel
  2223 | D:4      | Reached skill level 5 in Fighting
  2384 | D:4      | Reached skill level 5 in Armour
  2392 | D:4      | Reached *** piety under Trog
  2615 | D:4      | Got a blackened leather armour
  2626 | D:4      | Identified the +3 leather armour of Qolelif {+Blink rElec rN+ Regen+} (You found it on level 4 of the Dungeon)
  2635 | D:4      | Noticed a profane servitor
  2756 | D:5      | Entered Level 5 of the Dungeon
  2756 | D:5      | Noticed ThereIsNoGod's ghost (amateur OpAs)
  2769 | D:5      | Killed ThereIsNoGod's ghost
  2769 | D:5      | Reached XP level 7. HP: 62/62 MP: 6/6
  2827 | D:5      | Reached skill level 5 in Dodging
  2866 | D:5      | Reached skill level 6 in Axes
  2912 | D:5      | Found Jymmazem's Weapon Emporium.
  2931 | D:5      | Bought a +2 war axe of freezing for 201 gold pieces
  3220 | D:6      | Reached XP level 8. HP: 71/71 MP: 7/7
  3334 | D:6      | Found a stormy altar of Qazlal.
  3335 | D:6      | Found an ancient bone altar of Kikubaaqudgha.
  3508 | D:6      | Found Juha's Magic Scroll Boutique.
  3513 | D:6      | Bought 2 scrolls of identify for 52 gold pieces
  3513 | D:6      | Bought a scroll of enchant armour for 97 gold pieces
  3585 | D:6      | Reached skill level 7 in Axes
  3885 | D:7      | Reached skill level 1 in Bows
  3905 | D:7      | Found a staircase to the Ecumenical Temple.
  3984 | D:7      | Reached XP level 9. HP: 79/79 MP: 8/8
  3996 | D:7      | Reached skill level 8 in Axes
  4001 | D:7      | Reached **** piety under Trog
  4149 | D:7      | Noticed Malvoorn's ghost (novice DrWz)
  4162 | D:7      | Killed Malvoorn's ghost
  4519 | D:7      | Reached skill level 9 in Axes
  4546 | D:7      | Found a shadowy altar of Dithmenos.
  4679 | D:7      | Found an iron altar of Okawaru.
  4928 | D:8      | Noticed Psyche
  4943 | D:8      | Killed Psyche
  4943 | D:8      | Received a gift from Trog
  4943 | D:8      | Reached skill level 5 in Bows
  4982 | D:8      | Reached XP level 10. HP: 87/90 MP: 9/9
  5032 | D:8      | Noticed Erica
  5046 | D:8      | Killed Erica
  5189 | D:8      | Reached skill level 10 in Axes
  5397 | D:8      | Found a sacrificial altar of Ru.
  5881 | D:9      | Found a radiant altar of Vehumet.
  6227 | D:9      | Reached ***** piety under Trog
  6948 | D:10     | Entered Level 10 of the Dungeon
  7007 | D:10     | Found a staircase to the Orcish Mines.
  7065 | D:10     | Noticed a hill giant
  7073 | D:10     | Killed a hill giant
  7073 | D:10     | Reached skill level 11 in Axes
  7185 | D:10     | Noticed a hill giant
  7193 | D:10     | Killed a hill giant
  7193 | D:10     | Reached XP level 11. HP: 62/97 MP: 10/10
  7296 | D:10     | Received a gift from Trog
  7355 | D:10     | Found a staircase to the Lair.
  8295 | D:10     | Killed an unseen horror
  8613 | Lair:1   | Entered Level 1 of the Lair of Beasts
  8648 | Lair:1   | Noticed Thrillho's ghost (journeyman OpFE)
  8707 | Lair:1   | Killed Thrillho's ghost
  8796 | Lair:1   | Reached skill level 10 in Armour
  8945 | Lair:1   | Reached skill level 12 in Axes
  9035 | Lair:1   | Reached skill level 10 in Fighting
  9210 | Lair:1   | Got a warped shortbow
  9211 | Lair:1   | Identified the +2 shortbow of Battle {venom, Str+4 Int+2 Dex+3} (You found it on level 1 of the Lair of Beasts)
  9443 | Lair:2   | Received a gift from Trog
  9632 | Lair:2   | Reached XP level 12. HP: 54/106 MP: 11/11
  9765 | Lair:2   | Noticed an eight-headed hydra
  9777 | Lair:2   | Killed an 11-headed hydra
 10617 | Lair:3   | Reached skill level 13 in Axes
 10711 | Lair:3   | Reached skill level 10 in Bows
 10914 | Lair:3   | Noticed Nergalle
 10924 | Lair:3   | Killed Nergalle
 10924 | Lair:3   | Received a gift from Trog
 11705 | Lair:4   | Found a staircase to the Swamp.
 11739 | Lair:4   | Reached skill level 10 in Dodging
 12884 | Lair:5   | Reached XP level 13. HP: 116/116 MP: 12/12
 12886 | Lair:5   | Received a gift from Trog
 13018 | Lair:5   | Found a hole to the Spider Nest.
 13186 | Lair:5   | Reached skill level 14 in Axes
 13701 | Lair:6   | Received a gift from Trog
 13757 | Lair:6   | Reached ****** piety under Trog
 14002 | Lair:6   | Received a gift from Trog
 14229 | Lair:6   | Received a gift from Trog
 14873 | Lair:7   | Received a gift from Trog
 15223 | Lair:7   | Reached skill level 15 in Axes
 15345 | Lair:7   | Received a gift from Trog
 15591 | Lair:7   | Noticed Kirke
 15973 | Lair:7   | Got a dazzling scale mail
 16259 | Lair:7   | Identified the +1 scale mail "Ephumim" {Regen+ Int+4} (You found it on level 7 of the Lair of Beasts)
 16515 | Lair:8   | Entered Level 8 of the Lair of Beasts
 16535 | Lair:8   | Reached XP level 14. HP: 107/126 MP: 13/13
 16561 | Lair:8   | Found a snail-covered altar of Cheibriados.
 16680 | Lair:8   | Received a gift from Trog
 16995 | Lair:8   | Received a gift from Trog
 17102 | Lair:8   | Found a staircase to the Slime Pits.
 17624 | Lair:8   | Reached skill level 16 in Axes
 18648 | Lair:6   | Killed Kirke
 18648 | Lair:6   | Received a gift from Trog
 18823 | Orc:1    | Entered Level 1 of the Orcish Mines
 19084 | Orc:1    | Received a gift from Trog
 19250 | Orc:1    | Found a roughly hewn altar of Beogh.
 19293 | Orc:1    | Received a gift from Trog
 19489 | Orc:1    | Found Linail's Jewellery Shop.
 19799 | Orc:2    | Entered Level 2 of the Orcish Mines
 19799 | Orc:2    | Found a roughly hewn altar of Beogh.
 19799 | Orc:2    | Found a staircase to the Elven Halls.
 19947 | Orc:2    | Received a gift from Trog
 19968 | Orc:2    | Noticed an orc warlord
 19997 | Orc:1    | Killed an orc warlord
 19997 | Orc:1    | Reached XP level 15. HP: 95/134 MP: 14/14
 20211 | Orc:2    | Found a roughly hewn altar of Beogh.
 20250 | Orc:2    | Found Cuga's Antique Armour Emporium.
 20318 | Orc:2    | Found Uweplo's Antique Weapon Emporium.
 20350 | Orc:2    | Found Longuak's Jewellery Emporium.
 20521 | Orc:2    | Found Daelu's General Store.
 20808 | Orc:2    | Bought an ivory longbow for 218 gold pieces
 20900 | Orc:2    | Identified the +4 longbow of Aclanos {freeze, +Blink Str-3 Dex+6} (You bought it in a shop on level 2 of the Orcish Mines)
 20920 | Orc:2    | Identified a scroll of acquirement
 21120 | Orc:2    | Noticed Maud
 21150 | Orc:2    | Killed Maud
 21661 | Orc:2    | Received a gift from Trog
 21870 | D:6      | Bought a scroll of enchant armour for 97 gold pieces
 22080 | D:11     | Found a flagged portal.
 22088 | Bailey   | Entered a bailey
 22171 | Bailey   | Found a bloodstained altar of Trog.
 22195 | Bailey   | Got a steaming scale mail
 22215 | Bailey   | Identified the +5 scale mail of the Pink Corner {Str+6 SInv} (You found it in a bailey)
 22857 | D:11     | Reached skill level 17 in Axes
 23335 | D:12     | Found a corrupted altar of Lugonu.
 23399 | D:12     | Found Kuog's Antique Weapon Boutique.
 23424 | D:12     | Found a labyrinth entrance.
 23442 | Lab      | Entered a labyrinth
 25221 | Lab      | Got a scorched hand axe
 25236 | Lab      | Received a gift from Trog
 25326 | Lab      | Identified the +6 hand axe of the Ghost {antimagic, rN+ Str+3} (You found it in a labyrinth)
 25650 | D:12     | Bought the +8 mithril axe "Arga" {speed, MR+ Str+2} for 2064 gold pieces
 25650 | D:12     | Received a gift from Trog
 26317 | D:13     | Received a gift from Trog
 26981 | D:13     | Reached skill level 15 in Bows
 26994 | D:13     | Received a gift from Trog
 27045 | D:13     | Found a gate to the Vaults.
 27492 | D:13     | Reached XP level 16. HP: 129/145 MP: 15/15
 27624 | D:14     | Reached skill level 18 in Axes
 27894 | D:14     | Found Fiheocw's General Store.
 27948 | D:14     | Got a distressingly furry leather armour
 27959 | D:14     | Identified the +1 leather armour "Iboitogu" {rC+ Str+4} (You found it on level 14 of the Dungeon)
 28084 | D:14     | Received a gift from Trog
 28459 | D:14     | Received a gift from Trog
 28664 | D:15     | Entered Level 15 of the Dungeon
 28933 | D:15     | Found an opulent altar of Gozag.
 29375 | D:15     | Found a staircase to the Depths.
 29764 | D:15     | Found a portal to a secret trove of treasure.
 30099 | Elf:1    | Entered Level 1 of the Elven Halls
 30304 | Elf:1    | Received a gift from Trog
 30506 | Elf:1    | Found Wikunog's Gadget Shoppe.
 31269 | Elf:1    | Reached skill level 19 in Axes
 31666 | Elf:1    | Reached skill level 15 in Armour
 31698 | Elf:1    | Reached XP level 17. HP: 154/154 MP: 16/16
 31721 | Elf:1    | Got a pitted wooden ring
 31984 | Elf:1    | Received a gift from Trog
 32463 | Elf:1    | Identified the ring "Efenia" {rF+ MR+ Stlth+} (You took it off a deep elf archer on level 1 of the Elven Halls)
 33630 | Elf:2    | Received a gift from Trog
 33651 | Elf:2    | Got a pitted battleaxe {god gift}
 33652 | Elf:2    | Identified the +10 battleaxe "Qischiclu" {venom, rF+} (Trog gifted it to you on level 2 of the Elven Halls)
 33947 | Elf:2    | Noticed alexandrvrp's ghost (adept DsGl)
 34240 | Elf:2    | Found a huge runed gate.
 34240 | Elf:2    | Found a huge runed gate.
 34244 | Elf:2    | Found a huge runed gate.
 34891 | Elf:2    | Noticed a deep elf blademaster
 34904 | Elf:2    | Killed a deep elf blademaster
 34935 | Elf:2    | Reached skill level 15 in Fighting
 35062 | Elf:2    | HP: 5/234 [alexandrvrp's ghost (11)]
 36958 | Elf:3    | Entered Level 3 of the Elven Halls
 36960 | Elf:3    | Received a gift from Trog
 37061 | Elf:3    | Noticed Norris
 37074 | Elf:3    | Killed Norris
 37074 | Elf:3    | Reached skill level 20 in Axes
 37728 | Elf:3    | Reached XP level 18. HP: 120/163 MP: 17/17
 37905 | Elf:3    | HP: 1/163 [deep elf master archer/arrow (14)]
 37907 | Elf:3    | Shot with an arrow by a deep elf master archer

Skill      XL: |  1  2  3  4  5  6  7  8  9 10 11 12 13 14 15 16 17 |
---------------+----------------------------------------------------+-----
Armour         | 3 4 5 6 7 8 9 10 11 12 13 14 15 | 15.6
Fighting       | 4 5 6 7 8 9 10 11 12 13 14 15 | 15.3
Axes           | 4 5 6 7 9 11 12 13 15 16 17 19 20 | 20.3
Dodging        | 3 4 5 6 7 8 9 10 11 12 13 14 | 14.0
Bows           | 1 5 7 9 11 12 13 15 16 17 | 17.6

Action                   |  1- 3 |  4- 6 |  7- 9 | 10-12 | 13-15 | 16-18 || total
-------------------------+-------+-------+-------+-------+-------+-------++-------
Melee: Hand axe          |    82 |    89 |    31 |       |       |       ||   202
       Headbutt          |    11 |    15 |    45 |    64 |   210 |   123 ||   468
       War axe           |       |       |   126 |   271 |   478 |       ||   875
       Unarmed           |       |       |       |       |     1 |       ||     1
       Broad axe         |       |       |       |       |   176 |   294 ||   470
       Shortbow          |       |       |       |       |     2 |       ||     2
       Battleaxe         |       |       |       |       |       |   143 ||   143
 Fire: Shortbow          |       |       |    43 |   511 |  1367 |   480 ||  2401
       Longbow           |       |       |       |       |     2 |   259 ||   261
Invok: Berserk           |       |     4 |     4 |     7 |    10 |     6 ||    31
       Burn Spellbooks   |       |       |       |     1 |     3 |     2 ||     6
       Brothers in Arms  |       |       |       |       |     1 |     4 ||     5
       Trog's Hand       |       |       |       |       |       |     3 ||     3
 Abil: Evoke Blink       |       |       |       |       |     1 |       ||     1
  Use: Scroll            |       |       |     9 |     7 |    23 |     6 ||    45
       Potion            |       |       |       |       |       |     2 ||     2
 Stab: Sleeping          |       |       |     1 |       |       |       ||     1
       Distracted        |       |       |       |       |       |     1 ||     1
  Eat: Chunk             |     2 |     6 |    10 |    26 |    48 |    32 ||   124
       Fruit             |       |       |     1 |     1 |     1 |       ||     3
       Beef jerky        |       |       |     1 |     2 |     1 |       ||     4
       Pizza             |       |       |       |     1 |     1 |       ||     2
       Royal jelly       |       |       |       |       |     1 |     3 ||     4
       Bread ration      |       |       |       |       |     1 |       ||     1
Armor: Ring mail         |    20 |       |       |       |       |       ||    20
       Scale mail        |    17 |    26 |       |       |    76 |   187 ||   306
       Leather armour    |       |     5 |    62 |   158 |    70 |       ||   295
       Chain mail        |       |       |       |       |     6 |       ||     6
Dodge: Dodged            |    40 |    54 |   133 |   380 |   665 |   310 ||  1582
